 Dungeon Crawl Stone Soup version 0.16-a0-129-gbf5829b (webtiles) character file.

4426 Nordron the Thaumaturge (level 10, -23/53 HPs)
             Began as a Deep Elf Summoner on Aug 12, 2014.
             Was an Elder of Qazlal.
             Killed from afar by an ice statue (31 damage)
             ... with a bolt of cold
             ... on Level 10 of the Dungeon on Aug 13, 2014.
             The game lasted 02:30:37 (11228 turns).

Nordron the Thaumaturge (Deep Elf Summoner)        Turns: 11228, Time: 02:30:37

HP -23/53        AC 10     Str  5      XL: 10   Next: 14%
MP  10/28        EV 12     Int 29      God: Qazlal [****..]
Gold 422         SH  5     Dex 14      Spells:  4 memorised, 19 levels left

rFire  + . .     SeeInvis +     H - +5 dagger of Onairuta {stab, +Fly rElec Dex-1 Int+2}
rCold  . . .     Clarity  +     e - +0 leather armour {rF+}
rNeg   + . .     rCorr    .     (no shield)
rPois  +         rRot     .     (no helmet)
rElec  +         Spirit   .     i - +2 cloak
SustAb .         Warding  +     n - +0 pair of gloves
rMut   .         Stasis   .     j - +0 pair of boots
Gourm  .                        U - cursed amulet of warding
MR     +....                    R - +5 ring of intelligence
                                f - ring of see invisible

@: repel missiles, somewhat resistant to hostile enchantments, very unstealthy
A: thin metallic scales 1, clarity, dopey 1, low mp 1, poison resistance
a: Upheaval, Elemental Force, Renounce Religion, Evoke Flight


You were on level 10 of the Dungeon.
You worshipped Qazlal.
Qazlal was greatly pleased with you.
You were not hungry.

You visited 2 branches of the dungeon, and saw 11 of its levels.
You also visited: Sewer.

You collected 611 gold pieces.
You spent 189 gold pieces at shops.

Inventory:

Hand weapons
 s - a +2 dagger of venom
 y - a +2 whip of flaming
 G - a +0 shortbow of evasion
 H - the +5 dagger of Onairuta (weapon) {stab, +Fly rElec Dex-1 Int+2}
   (You bought it in a shop on level 5 of the Dungeon)

   It inflicts extra damage upon your enemies.
   It affects your intelligence (+2).
   It affects your dexterity (-1).
   It insulates you from electricity.
   It lets you fly.
 K - a +2 quarterstaff of chaos
Missiles
 F - 13 arrows of dispersal
 I - 7 poisoned arrows
Armour
 e - a +0 leather armour of fire resistance (worn)
 i - a +2 cloak (worn)
 j - a +0 pair of boots (worn)
 k - a fire dragon hide
 n - a +0 pair of gloves (worn)
Magical devices
 p - a wand of enslavement (5)
 C - a wand of heal wounds (9)
 D - a wand of cold (2)
 E - a wand of flame (5)
 J - a wand of confusion (8)
 L - a wand of draining (3)
 M - a wand of slowing (9)
 N - a wand of disintegration (9)
 S - a wand of draining (0)
 Y - a wand of teleportation (0)
Comestibles
 c - 6 bread rations
 g - 5 meat rations
 r - 2 beef jerkies
 x - 3 slices of pizza
 A - 13 fruits
Scrolls
 l - a scroll of identify
 m - a scroll of recharging
 P - 2 scrolls of teleportation
 V - a scroll of remove curse
 W - a scroll of acquirement {unknown}
Jewellery
 f - a ring of see invisible (left hand)
 v - an uncursed amulet of stasis
 R - a +5 ring of intelligence (right hand)
 T - an uncursed ring of flight
 U - a cursed amulet of warding (around neck)
 Z - an uncursed ring of teleport control
Potions
 a - a potion of restore abilities
 h - 5 potions of curing
 o - a potion of haste
 q - a potion of agility
 t - a potion of mutation {unknown}
 u - a potion of cure mutation {unknown}
 w - a potion of berserk rage
 z - a potion of brilliance {unknown}
 B - a potion of poison {unknown}
 O - a potion of heal wounds
Books
 b - a book of Callings

   Spells                             Type                      Level
   Summon Small Mammal                Summoning                    1
   *Call Imp                          Summoning                    2
   *Call Canine Familiar              Summoning                    3
   Summon Guardian Golem              Hexes/Summoning              4
   *Summon Lightning Spire            Summoning/Air                4
   *Summon Ice Beast                  Ice/Summoning                4
 d - a book of the Sky

   Spells                             Type                      Level
   Flight                             Charms/Air                   3
   Airstrike                          Air                          4
   Silence                            Hexes/Air                    5
   Deflect Missiles                   Charms/Air                   6
   Conjure Ball Lightning             Conjuration/Air              6
   Tornado                            Air                          9
 X - a book of Clouds

   Spells                             Type                      Level
   Mephitic Cloud                     Conjuration/Poison/Air       3
   Conjure Flame                      Conjuration/Fire             3
   Poisonous Cloud                    Conjuration/Poison/Air       6
   Freezing Cloud                     Conjuration/Ice/Air          6
   Ring of Flames                     Charms/Fire                  7


   Skills:
 + Level 2.1 Fighting
 + Level 1.6 Short Blades
   Level 0.1(0.3) Axes
 + Level 0.4(0.5) Maces & Flails
 + Level 2.6 Armour
 + Level 6.0 Dodging
 + Level 3.1 Stealth
 + Level 11.8 Spellcasting
 + Level 10.0 Summonings
 + Level 3.8 Ice Magic
 + Level 2.0 Air Magic
 + Level 1.2 Evocations


You had 19 spell levels left.
You knew the following spells:

 Your Spells              Type           Power        Failure   Level  Hunger
b - Call Imp              Summ           ######..     1%          2    None
c - Call Canine Familiar  Summ           ######..     1%          3    None
d - Summon Ice Beast      Ice/Summ       ######..     1%          4    None
e - Summon Lightning Spi  Summ/Air       ######..     3%          4    None


Dungeon Overview and Level Annotations

Branches:
Dungeon (10/15)            Temple (1/1) D:5
    Orc: D:9-12        Lair: D:8-11

Altars:
Ashenzari
Cheibriados
Dithmenos
Elyvilon
Fedhas
Gozag
Kikubaaqudgha
Makhleb
Nemelex Xobeh
Okawaru
Qazlal
Sif Muna
Trog
Vehumet
Xom
Yredelemnul
Zin
The Shining One

Shops:
D:4 %   D:5 *(

Annotations:
D:10 exclusions: ice statue and orange crystal statue


Innate Abilities, Weirdness & Mutations

You are partially covered in thin metallic scales (AC +2).
You possess an exceptional clarity of mind.
You are dopey. (Int -2)
Your magical capacity is low (-10% MP).
Your system is resistant to poisons.


Message History

The ice statue throws cold at you.
The bolt of cold is repelled.
Casting: Summon Ice Beast
Confirm with . or Enter, or press ? or * to list all spells.
Aiming: Summon Lightning Spire
Press: ? - help, Dir - move target cursor, p - ice statue
Okay, then.
Casting: Summon Lightning Spire
Confirm with . or Enter, or press ? or * to list all spells.
Aiming: Summon Lightning Spire
Press: ? - help, Dir - move target cursor, p - ice statue An electric hum fills the air.
The ice statue throws cold at you. The bolt of cold hits you!
Ouch! That really hurt!
* * * LOW HITPOINT WARNING * * *
The ice statue throws cold at you. The bolt of cold hits you!
Ouch! That really hurt!
You die...

).# ##.............##............
..###..####.###..§..##....###....
...#...## ###(##.....##...# ##...
........# ##...##.....##.## ##..
##..#...###$.8..##..8.%### ##§
#.......#.##.....##...##.########
#..........##...8.##?###......#.§
.....###....##§....####...#.§....
.#..## #.....##.@.........###....
###.# #.....§YYY§..##....###....
# #.####.[).).§...####.#...##....
# #............#..# #.###..#....
###......####.##..# #.# #.......
.....<.### #..#..## #.# #.......
###....# ##.....###.###..##...
##.....# #..........##...##...
#..###.## ##.###......#...##....


You could see an ice statue, 3 friendly ice beasts and a friendly lightning
spire.

Vanquished Creatures
  4 wolves
  14 wargs
  10 ice beasts
  An orc warrior (D:9)
  A sky beast (D:5)
  A centaur (D:6)
  An ogre (D:5)
  A big kobold (D:10)
  A killer bee (D:10)
  A yak skeleton (D:10)
  4 wights
  2 crimson imps
  A jelly (D:6)
  An elf zombie (D:10)
  A soldier ant zombie (D:9)
  4 hounds
  A gnoll shaman (D:7)
  2 worker ants
  An ogre skeleton (D:6)
  A mummy (D:9)
  4 adders
  6 giant mites
  12 giant geckos
  An ooze (D:7)
  5 orcs
  3 bats
  8 giant cockroaches
  6 goblins
  5 hobgoblins
  4 jackals (D:9)
  10 kobolds
  5 ball pythons
  A giant gecko skeleton (D:7)
  7 giant newts
  A goblin skeleton (D:5)
  3 orc skeletons
  An orc zombie (D:6)
  7 rats
142 creatures vanquished.

Vanquished Creatures (collateral kills)
  Josephine (D:10)
  Erolcha (D:9)
  Pikel (D:4)
  Grinder (D:3)
  A two-headed ogre (D:9)
  A deep elf mage (D:9)
  A hippogriff (D:8)
  Eustachio (D:6)
  2 necrophages
  A sky beast (D:9)
  2 phantoms (D:5)
  2 black bears
  3 ogres
  2 orc warriors
  4 ice beasts (D:10)
  A slave (D:4)
  Sigmund (D:2)
  2 centaurs (D:5)
  4 giant frogs
  Blork the orc (D:7)
  2 killer bees (D:10)
  An eye of draining (D:10)
  3 scorpions
  A hippogriff zombie (D:6)
  A yak skeleton (D:7)
  19 wights
  A goliath beetle (D:6)
  5 crimson imps
  A giant frog zombie (D:10)
  2 hounds (D:7)
  A quasit (D:6)
  A centaur zombie (D:10)
  Crazy Yiuf (D:5)
  2 orc priests
  An iron imp (D:6)
  6 jellies
  An iguana (D:10)
  6 orc wizards
  A worker ant (D:7)
  A troll simulacrum (D:10)
  Terence (D:3)
  3 gnolls (D:7)
  2 orc zombies (D:10)
  12 adders
  2 green rats (D:6)
  5 giant mites
  A white imp (D:6)
  3 worms
  An ufetubus (D:5)
  An adder skeleton (D:6)
  6 oozes (Sewer)
  24 orcs
  8 ball pythons
  5 bats
  A bat skeleton (D:5)
  3 goblins
  8 hobgoblins
  A quokka (D:8)
  5 giant cockroaches
  10 giant geckos
  A giant gecko zombie (D:5)
  13 giant newts
  7 jackals
  10 kobolds
  An orc simulacrum (D:10)
  6 rats
  A rat zombie (D:5)
  A ballistomycete (D:7)
232 creatures vanquished.

Vanquished Creatures (others)
  8 wargs
  5 wolves
  9 ice beasts
  A centaur (D:5)
  A lightning spire (D:9)
  A hound (D:5)
  5 crimson imps
  An orc wizard (D:5)
  An iron imp (D:5)
  2 shadow imps
  14 white imps
  A giant gecko (D:5)
  A hobgoblin (D:5)
  22 quokkas
  9 bats
  A giant newt (D:5)
  A giant spore (D:7)
  2 kobolds (D:5)
  12 rats
97 creatures vanquished.

Grand Total: 471 creatures vanquished

Notes
Turn   | Place    | Note
--------------------------------------------------------------
     0 | D:1      | Nordron, the Deep Elf Summoner, began the quest for the Orb.
     0 | D:1      | Reached XP level 1. HP: 10/10 MP: 5/5
   776 | D:1      | Reached XP level 2. HP: 13/15 MP: 4/8
  1036 | D:2      | Noticed Sigmund
  1141 | D:2      | Learned a level 2 spell: Call Imp
  1434 | D:2      | Reached XP level 3. HP: 19/19 MP: 11/11
  1468 | D:2      | Killed Sigmund
  1468 | D:2      | Reached skill level 5 in Summonings
  1468 | D:2      | Reached XP level 4. HP: 2/24 MP: 2/15
  2030 | D:3      | Noticed Terence
  2047 | D:3      | Killed Terence
  2137 | D:3      | Noticed Grinder
  2144 | D:3      | Paralysed by Grinder for 5 turns
  2188 | D:3      | Killed Grinder
  2188 | D:3      | Reached skill level 1 in Armour
  2188 | D:3      | Reached skill level 5 in Spellcasting
  2188 | D:3      | Reached XP level 5. HP: 8/28 MP: 5/20
  2886 | D:4      | Noticed a slave
  2887 | D:4      | Noticed Pikel
  2887 | D:4      | Noticed a slave
  2889 | D:4      | Noticed a slave
  2890 | D:4      | Noticed a slave
  2902 | D:4      | Killed a slave
  2931 | D:4      | Killed Pikel
  2931 | D:4      | Reached skill level 7 in Spellcasting
  2931 | D:4      | Reached XP level 6. HP: 30/33 MP: 1/23
  3034 | D:4      | Reached XP level 7. HP: 11/37 MP: 19/25
  3352 | D:4      | Found Pnan's Food Shoppe.
  3641 | D:5      | Entered Level 5 of the Dungeon
  3641 | D:5      | Found Craraum's Antique Weapon Emporium.
  3761 | D:5      | Gained mutation: Your magical capacity is low (-10% MP). [mutagenic meat]
  3762 | D:5      | Gained mutation: You possess an exceptional clarity of mind. [mutagenic meat]
  3918 | D:5      | HP: 1/37 [centaur/arrow of frost (5)]
  4180 | D:5      | Reached skill level 8 in Spellcasting
  4299 | D:5      | Learned a level 3 spell: Call Canine Familiar
  4305 | D:5      | Learned a level 4 spell: Summon Ice Beast
  4310 | D:5      | Learned a level 4 spell: Summon Lightning Spire
  4354 | D:5      | Found a staircase to the Ecumenical Temple.
  4361 | Temple   | Entered the Ecumenical Temple
  4451 | Temple   | Became a worshipper of Qazlal Stormbringer
  4525 | D:5      | Found Ufeufoqa's Assorted Antiques.
  4530 | D:5      | Bought a bloodstained dagger for 189 gold pieces
  4531 | D:5      | Identified the cursed +5 dagger of Onairuta {stab, +Fly rElec Dex-1 Int+2} (You bought it in a shop on level 5 of the Dungeon)
  4702 | D:5      | Found a shimmering altar of Xom.
  5010 | D:5      | Reached skill level 1 in Fighting
  5108 | D:5      | Noticed Crazy Yiuf
  5120 | D:5      | Killed Crazy Yiuf
  5120 | D:5      | Reached XP level 8. HP: 43/43 MP: 1/24
  5524 | D:6      | Reached skill level 9 in Spellcasting
  5533 | D:6      | Found a glowing drain.
  5556 | Sewer    | Entered a sewer
  5629 | Sewer    | Acquired Qazlal's first power
  5907 | Sewer    | Reached skill level 1 in Ice Magic
  5965 | Sewer    | Acquired Qazlal's second power
  6630 | D:6      | Noticed Eustachio
  6660 | D:6      | Killed Eustachio
  6692 | D:6      | Found a burning altar of Makhleb.
  7381 | D:7      | Noticed Blork the orc
  7388 | D:7      | Killed Blork the orc
  7468 | D:7      | Reached XP level 9. HP: 42/47 MP: 16/27
  7531 | D:7      | Reached skill level 10 in Spellcasting
  7532 | D:7      | Upgraded the game from 0.16-a0-119-gc74d62a to 0.16-a0-129-gbf5829b
  8418 | D:8      | Acquired Qazlal's third power
  8552 | D:8      | Reached skill level 1 in Short Blades
  8668 | D:8      | Reached skill level 5 in Dodging
  9115 | D:9      | Reached skill level 1 in Air Magic
  9137 | D:9      | Noticed Erolcha
  9150 | D:9      | Killed Erolcha
  9176 | D:9      | Gained mutation: You are dopey. (Int -2) [mutagenic meat]
  9177 | D:9      | Gained mutation: You are partially covered in thin metallic scales (AC +2). [mutagenic meat]
  9178 | D:9      | Gained mutation: Your system is resistant to poisons. [mutagenic meat]
  9232 | D:9      | Reached skill level 11 in Spellcasting
  9250 | D:9      | Found a shimmering altar of Xom.
  9610 | D:9      | Reached skill level 1 in Evocations
  9879 | D:10     | Entered Level 10 of the Dungeon
  9889 | D:10     | Noticed Josephine
  9899 | D:10     | Killed Josephine
  9899 | D:10     | Reached XP level 10. HP: 33/53 MP: 4/28
  9963 | D:10     | Acquired Qazlal's fourth power
 10587 | D:10     | Noticed an orange crystal statue
 10923 | D:10     | Noticed an ice statue
 10968 | D:10     | Reached skill level 10 in Summonings
 11228 | D:10     | Killed from afar by an ice statue

Action                   |  1- 3 |  4- 6 |  7- 9 | 10-12 || total
-------------------------+-------+-------+-------+-------++-------
Melee: Short sword       |    16 |    33 |       |       ||    49
       Unarmed           |     2 |       |       |       ||     2
       Whip              |       |    17 |    47 |       ||    64
       Dagger            |       |       |   259 |    37 ||   296
       Hand axe          |       |       |    27 |       ||    27
 Cast: Summon Small Mamm |    43 |    35 |    13 |       ||    91
       Call Imp          |     6 |    29 |    35 |       ||    70
       Summon Ice Beast  |       |       |    61 |    15 ||    76
       Call Canine Famil |       |       |    45 |    12 ||    57
       Summon Lightning  |       |       |    16 |    11 ||    27
 Abil: Stop Flying       |       |       |     1 |       ||     1
       Evoke Flight      |       |       |     1 |       ||     1
Evoke: Wand              |       |       |     8 |     6 ||    14
  Use: Scroll            |     1 |     3 |    16 |       ||    20
       Potion            |     1 |     1 |     9 |       ||    11
 Stab: Distracted        |       |     1 |     1 |     1 ||     3
  Eat: Bread ration      |     1 |       |     3 |       ||     4
       Chunk             |       |     2 |    16 |     4 ||    22
